 Dungeon Crawl Stone Soup version 0.23-a0-26-g9187234747 (webtiles) character file.

1392 Htamos the Conjurer (level 8, -1/52 HPs)
             Began as an Octopode Conjurer on Aug 3, 2018.
             Was a Follower of Sif Muna.
             Slain by Harold
             ... wielding a +2 war axe of chopping
              (4 damage)
             ... on level 7 of the Dungeon.
             The game lasted 00:09:13 (7959 turns).

Htamos the Conjurer (Octopode Conjurer)             Turns: 7959, Time: 00:09:15

Health: -1/52      AC:  1    Str:  7    XL:     8   Next: 68%
Magic:  14/14      EV: 15    Int: 19    God:    Sif Muna [*.....]
Gold:   255        SH:  5    Dex: 13    Spells: 11/15 levels left

rFire    . . .     SeeInvis .   F - +1 whip (venom)
rCold    . . .     Gourm    .   E - +0 buckler
rNeg     . . .     Faith    .   (helmet restricted)
rPois    .         Spirit   .   (no amulet)
rElec    .         Reflect  .   (no ring)
rCorr    .         Harm     .   (no ring)
MR       .....                  (no ring)
Stlth    +++.......             (no ring)
HPRegen  0.17/turn              (no ring)
MPRegen  0.14/turn              (no ring)
                                (no ring)
                                (no ring)

@: about to teleport, marked
A: almost no armour, stealthy swim, amphibious, 8 rings, constrict 8, camouflage
1, gelatinous body 1
a: Divine Energy, Renounce Religion


You were on level 7 of the Dungeon.
You worshipped Sif Muna.
Sif Muna was aware of your devotion.
You were not hungry.

You visited 2 branches of the dungeon, and saw 8 of its levels.

You collected 255 gold pieces.

Inventory:

Hand Weapons
 e - a +0 dagger
 o - a +0 rapier
 v - a +2 trident of piercing
 F - a +1 whip of venom (weapon)
 H - a +0 whip of freezing
Missiles
 d - 170 stones (quivered)
Armour
 E - a +0 buckler (worn)
Wands
 f - a wand of flame (4)
 I - a wand of polymorph (15)
Scrolls
 a - 2 scrolls of enchant weapon {unknown}
 i - a scroll of noise {unknown}
 j - 2 scrolls of teleportation
 l - 2 scrolls of amnesia {unknown}
 t - 2 scrolls of fog {unknown}
 w - 4 scrolls of identify {unknown}
 y - 3 scrolls of remove curse {unknown}
 z - a scroll of blinking {unknown}
 A - a scroll of magic mapping {unknown}
 B - a scroll of random uselessness {unknown}
 C - a scroll of enchant armour {unknown}
 D - a scroll of immolation {unknown}
 G - a scroll of fear {unknown}
Potions
 c - a potion of brilliance
 g - a potion of ambrosia {unknown}
 h - 2 potions of heal wounds {unknown}
 k - a potion of invisibility {unknown}
 m - a potion of mutation {unknown}
 n - 2 potions of agility {unknown}
 p - 2 potions of cancellation {unknown}
 q - 4 potions of curing
 r - 2 potions of might
 s - a potion of berserk rage {unknown}
 u - 2 potions of haste
 x - a potion of flight {unknown}
Comestibles
 b - 5 rations
 J - 5 chunks of flesh


   Skills:
 + Level 3.5 Fighting
 + Level 4.7 Dodging
 - Level 3.0 Stealth
 * Level 3.8 Shields
 + Level 4.4 Spellcasting
 * Level 7.3 Conjurations


You had 11 spell levels left.
You knew the following spells:

 Your Spells              Type           Power        Failure   Level  Hunger
a - Magic Dart            Conj           ####         1%          1    None
b - Dazzling Spray        Conj/Hex       ###...       9%          3    ###....

Your spell library contained the following spells:

 Spells                   Type           Power        Failure   Level  Hunger
 Iskenderun's Mystic Bla  Conj           ####....     7%          4    ####...
 Animate Skeleton         Necr           N/A          13%         1    None
 Fulminant Prism          Conj/Hex       ###.......   28%         4    ####...
 Force Lance              Conj/Tloc      ###.....     28%         4    ####...
 Searing Ray              Conj           ####..       1%          2    #......


Dungeon Overview and Level Annotations

Branches:
Dungeon (7/15)             Temple (1/1) D:4

Altars:
Cheibriados
Fedhas
Makhleb
Sif Muna
Uskayaw

Annotations:
D:5 1 runed door
D:7 Harold


Innate Abilities, Weirdness & Mutations

You cannot wear most types of armour.
You are very stealthy in the water. (Stealth+)
You are amphibious.
You can wear up to eight rings at the same time.
You can use your tentacles to constrict eight enemies at once.
Your skin changes colour to match your surroundings (Stealth+).
Your rubbery body absorbs attacks. (AC +1, EV +1)


Message History

You barely miss Harold. You grab Harold. Your squeeze misses Harold.
Harold is moderately wounded.
You constrict Harold, but do no damage.
A killer bee comes into view. x3
You block Harold's attack.
The killer bee moves out of view.
You hit Harold.
Harold is poisoned.
Harold is moderately wounded.
You constrict Harold. The killer bee barely misses you.
A killer bee comes into view.
Harold hits you with a war axe of chopping!!
* * * LOW HITPOINT WARNING * * *
The killer bee stings you.
* * * LOW HITPOINT WARNING * * *
As you read the scroll of teleportation, it crumbles to dust.
You feel strangely unstable.
You constrict Harold. The killer bee stings you.
* * * LOW HITPOINT WARNING * * *
You block the killer bee's attack.
Harold hits you with a war axe of chopping!
* * * LOW HITPOINT WARNING * * *
You die...

#.รท## #.......#
##..###.......#
.#####).##.......#
.................##
.#######.##.......#
#..#.......#
##.........#
##..(....##
##@#...## #@y####
#yy.# y.....
....... ..........
..........
.#.........


You could see Harold and 4 killer bees.

Vanquished Creatures
  Pikel (D:6)
  A hippogriff (D:5)
  A slave (D:6)
  An ogre (D:5)
  A phantom (D:6)
  A centaur (D:3)
  A big kobold (D:6)
  A scorpion (D:4)
  A bullfrog zombie (D:6)
  An orc priest (D:4)
  A centaur skeleton (D:7)
  3 orc wizards
  2 bullfrog skeletons (D:6)
  2 worker ant zombies (D:6)
  9 adders
  3 shadow imps (D:4)
  An ooze (D:2)
  An adder zombie (D:5)
  An adder skeleton (D:5)
  5 worms
  3 leopard geckos
  8 orcs
  A ball python (D:3)
  7 bats
  4 giant cockroaches
  5 goblins
  5 hobgoblins
  18 jackals
  A quokka (D:5)
  4 frilled lizards
  A jackal zombie (D:6)
  10 kobolds
  11 rats
116 creatures vanquished.

Vanquished Creatures (others)
  A crimson imp (D:6)
1 creature vanquished.

Grand Total: 117 creatures vanquished

Notes
Turn   | Place    | Note
-------+----------+-------------------------------------------
     0 | D:1      | Htamos the Octopode Conjurer began the quest for the Orb.
     0 | D:1      | Reached XP level 1. HP: 11/11 MP: 3/3
   450 | D:1      | Reached XP level 2. HP: 17/17 MP: 3/5
  1189 | D:2      | Reached XP level 3. HP: 21/21 MP: 0/6
  1194 | D:2      | Learned a level 3 spell: Dazzling Spray
  1822 | D:2      | Reached XP level 4. HP: 27/27 MP: 1/7
  2115 | D:2      | Noticed a hand axe
  2115 | D:2      | Noticed a dagger
  2119 | D:2      | Found a hide-covered altar of Uskayaw.
  2712 | D:3      | Noticed a centaur
  2718 | D:3      | Killed a centaur
  2718 | D:3      | Reached skill level 1 in Fighting
  2718 | D:3      | Reached skill level 5 in Conjurations
  2718 | D:3      | Reached XP level 5. HP: 20/33 MP: 5/9
  3194 | D:3      | Reached XP level 6. HP: 38/38 MP: 7/10
  3525 | D:4      | Found a deep blue altar of Sif Muna.
  3692 | D:4      | Became a worshipper of Sif Muna the Loreminder
  3710 | D:4      | Identified Sif Muna's Compendium of Darkness
  3811 | D:4      | Found a transporter.
  3858 | D:4      | Found a transporter.
  4102 | D:4      | Found a staircase to the Ecumenical Temple.
  4161 | D:4      | Found a snail-covered altar of Cheibriados.
  4236 | D:4      | Found a burning altar of Makhleb.
  4383 | Temple   | Entered the Ecumenical Temple
  4702 | D:5      | Entered Level 5 of the Dungeon
  4792 | D:5      | Reached skill level 6 in Conjurations
  5170 | D:5      | Reached XP level 7. HP: 45/45 MP: 8/12
  5215 | D:5      | Noticed a hippogriff
  5225 | D:5      | Killed a hippogriff
  5225 | D:5      | Reached skill level 1 in Shields
  5594 | D:5      | Found a runed door.
  6378 | D:6      | Reached XP level 8. HP: 19/51 MP: 6/14
  6590 | D:6      | Found a blossoming altar of Fedhas.
  6802 | D:6      | Noticed Pikel
  6816 | D:6      | Killed Pikel
  6816 | D:6      | Reached * piety under Sif Muna
  6816 | D:6      | Reached skill level 7 in Conjurations
  7947 | D:7      | Noticed Harold
  7959 | D:7      | Slain by Harold

Vault maps used:
D:1:      co_arrival_random_square_maze, serial_glass, glass_columns_a,
          glass_columns_a
D:2:      dancing_weapons_uskayaw
D:3:      kennysheep_generic_room_7
D:4:      gammafunk_wand_slinger, led_sif_book, lemuel_crystal_altar,
          lemuel_doored_altar, temple_green
D:5:      first_ration, uniq_crazy_yiuf_cottage
D:6:      marbit_many_paths, eino_curves_04, uniq_pikel
D:7:      uniq_harold
Temple:   eino_temple_scatter_basement

Skill      XL: |  1  2  3  4  5  6  7  8 |
---------------+-------------------------+-----
Stealth        | 3 |  3.0
Fighting       | 1 2 3 |  3.5
Dodging        | 3 4 |  4.7
Spellcasting   | 3 4 |  4.4
Conjurations   | 5 6 7 |  7.3
Shields        | 2 3 |  3.8

Action                   |  1- 3 |  4- 6 |  7- 9 || total
-------------------------+-------+-------+-------++-------
Melee: Club              |     2 |       |       ||     2
       Rapier            |     5 |    16 |       ||    21
       Constrict         |     1 |     8 |     7 ||    16
       Tentacles         |       |     5 |     5 ||    10
       Trident           |       |    20 |    30 ||    50
       Whip              |       |       |    23 ||    23
 Cast: Magic Dart        |    72 |   148 |    67 ||   287
       Dazzling Spray    |       |       |     8 ||     8
Evoke: Wand              |       |       |    15 ||    15
  Use: Scroll            |       |     1 |     1 ||     2
       Potion            |       |       |     4 ||     4
 Stab: Invisible         |       |       |     1 ||     1
       Sleeping          |       |       |     1 ||     1
  Eat: Chunk             |     3 |    11 |     5 ||    19
       Ration            |       |       |     1 ||     1
Armor: Skin              |     1 |     4 |     4 ||     9
Dodge: Dodged            |     8 |    41 |    30 ||    79
Block: Buckler           |       |       |    17 ||    17

Table legend:
 A = Spawn XP
 B = Non-spawn XP
 C = Spawn XP percentage of total XP
 D = Spawn monster count
 E = Non-spawn monster count
 F = Spawn count percentage of total count
 G = Total turns spent on level
                    A         B        C        D         E        F      G
               +---------+---------+-------+---------+---------+-------+---------
         Total |       0 |    1989 |   0.0 |       0 |     115 |   0.0 |  7959
               +---------+---------+-------+---------+---------+-------+---------
           D:1 |       0 |      30 |   0.0 |       0 |      18 |   0.0 |  1152
           D:2 |       0 |      92 |   0.0 |       0 |      28 |   0.0 |  1236
           D:3 |       0 |     219 |   0.0 |       0 |      28 |   0.0 |  1099
           D:4 |       0 |     251 |   0.0 |       0 |      11 |   0.0 |  1213
           D:5 |       0 |     403 |   0.0 |       0 |      13 |   0.0 |  1233
           D:6 |       0 |     938 |   0.0 |       0 |      10 |   0.0 |  1855
           D:7 |       0 |      56 |   0.0 |       0 |       7 |   0.0 |   169
               +---------+---------+-------+---------+---------+-------+---------
